Map: Neon Violet Square LE

Players

SICKBOY

  • Race: Terran Terran
  • League: Platinum
  • Spawn Location: 5:00

SideShow - Winner!

  • Race: Zerg Zerg
  • League: Platinum
  • Spawn Location: 11:00

VOD

Have the link to the VOD?

Description

Proxy hatch somehow turns in to skytoss pvp

Time

  • Played on: March 7, 2018, 11:49 a.m.
  • Length: 3:39
Show
View Real Time Build Order
Export as new Build Order

SICKBOY Terran 

Build Orders:  

Get SALT Encoding   

  12  0:02  SCV  
  13  0:18  SCV  
  14  0:30  Refinery  
  14  0:31  Supply Depot  
  14  0:34  SCV  
  15  0:53  SCV  
  15  0:54  Barracks  
  16  1:05  SCV  
  16  1:11  Barracks  
  17  1:17  SCV  
  18  1:25  Refinery  
  18  1:29  SCV  
  19  1:41  SCV  
  20  1:48  Supply Depot  
  20  1:49  Reaper  
  21  1:55  SCV  
  22  2:07  Factory  
  22  2:10  Barracks Tech Lab  
  22  2:21  SCV  
  22  2:35  Concussive Shells  
  22  2:36  Marauder  
  24  2:40  Reaper  
  25  2:46  SCV  
  25  3:08  Marauder  
Show
View Real Time Build Order
Export as new Build Order

SideShow Zerg - Winner!

Build Orders: Hatch First 

Get SALT Encoding   

  12  0:02  Drone  
  14  0:14  Drone  
  14  0:55  Hatchery  
  13  0:59  Overlord  
  13  1:00  Spawning Pool  
  13  1:04  Drone  
  13  1:09  Drone  
  14  1:46  Zergling x6  
  17  1:54  Queen  
  17  1:58  Zergling x2  
  20  2:07  Zergling x2, Queen  
  23  2:20  Zergling x4  
  25  2:27  Spine Crawler x2  
  23  2:30  Zergling x4  
  25  2:40  Extractor  
  25  2:42  Zergling x4  
  26  2:50  Zergling x2  
  26  3:00  Zergling x4  
  28  3:09  Overlord  
  28  3:15  Overlord  
Tags
 
Add a new tag
Caveats
  • Supply blocks, unpowered buildings, or Contaminate may cause inaccurate times.
  • Supply counts are checked every 10 seconds.